 Dungeon Crawl Stone Soup version 0.27-a0-1591-gc56fcc985a (webtiles) character file.

Game seed: 18148753434736224518

70 Anon1729 the Slasher (level 4, -1/40 HPs)
             Began as a Minotaur Monk on July 19, 2021.
             Was a Priest of Uskayaw.
             Succumbed to an orc's poison
             ... on level 3 of the Dungeon.
             The game lasted 00:02:06 (1807 turns).

Anon1729 the Slasher (Minotaur Monk)                Turns: 1807, Time: 00:02:07

Health: -1/40      AC:  2    Str: 17    XL:     4   Next: 3%
Magic:  3/3        EV: 13    Int:  7    God:    Uskayaw [***...]
Gold:   30         SH:  0    Dex: 12    Spells: 3/3 levels left

rFire    . . .     SeeInvis .   a - +0 falchion
rCold    . . .     Faith    +   (no shield)
rNeg     . . .     Spirit   .   b - +0 robe
rPois    .         Reflect  .   (helmet restricted)
rElec    .         Harm     .   (no cloak)
rCorr    .         Rampage  .   (no gloves)
Will     .....                  (no boots)
Stlth    ++........             c - amulet of faith
HPRegen  0.13/turn              (no ring)
MPRegen  0.08/turn              (no ring)

@: lethally poisoned (-1 -> -13)
A: horns 2, retaliatory headbutt
a: Renounce Religion, Stomp, Line Pass


You were on level 3 of the Dungeon.
You worshipped Uskayaw.
Uskayaw was noncommittal.
You visited 1 branch of the dungeon, and saw 3 of its levels.

You collected 30 gold pieces.

Inventory:

Hand Weapons
 a - a +0 falchion (weapon)
Armour
 b - a +0 robe (worn)
Jewellery
 c - an amulet of faith (around neck)
Wands
 h - a wand of acid (2)
Scrolls
 d - a scroll of identify
 e - a scroll of vulnerability
 f - a scroll of blinking {unknown}
 g - a scroll of enchant weapon {unknown}


   Skills:
 + Level 4.1 Fighting
 * Level 4.4 Long Blades
 + Level 3.8 Dodging
 + Level 2.2 Stealth
 * Level 0.8 Invocations


You had 3 spell levels left.
You didn't know any spells.
Your spell library contained the following spells:

 Spells                   Type           Power      Damage    Failure   Level
 Static Discharge         Conj/Air       0%         N/A       56%         2
 Dispel Undead            Necr           0%         3d6       99%         4
 Sticky Flame             Conj/Fire      0%         2d3       99%         4


Dungeon Overview and Level Annotations

Branches:
Dungeon (3/15)

Altars:
Uskayaw
Vehumet


Innate Abilities, Weirdness & Mutations

You have a pair of horns on your head.
You reflexively headbutt those who attack you in melee.


Message History

You are too injured to fight recklessly!
You are too injured to fight recklessly!
You are too injured to fight recklessly!
You are too injured to fight recklessly!
You are too injured to fight recklessly!
You are too injured to fight recklessly!
You are too injured to fight recklessly!
You are too injured to fight recklessly!
You are too injured to fight recklessly!
You are too injured to fight recklessly!
You are too injured to fight recklessly!
You hit the orc.
You kill the orc!
* * * LOW HITPOINT WARNING * * *
You feel very sick.
You aren't carrying any potions.
Aiming: Corrosive Bolt
Press: ? - help, Shift-Dir - straight line, f - orc
Aim: an orc, wielding a +0 hand axe (71% to hit)
The bolt of acid hits the orc!
The orc is splashed with acid!
The acid corrodes the orc!
You kill the orc!
The bolt of acid hits the orc!
The orc is splashed with acid.
The acid corrodes the orc!
You kill the orc!
The bolt of acid hits the orc!
The orc is splashed with acid.
You kill the orc!
* * * LOW HITPOINT WARNING * * *
You feel very sick.
Uskayaw will force your foes to helplessly watch your dance.
Uskayaw prepares the audience for your solo!
You have reached level 4!
You feel stronger.
* * * LOW HITPOINT WARNING * * *
You feel very sick.
You aren't carrying any potions.
As you read the scroll labelled YLEGIK UCOTI, it crumbles to dust.
It is a scroll of identify.
e - a scroll of vulnerability You die...

.# .# ##.#
./.# #..#
#..#
...######..#
..)).)).@..#
...######)##
#.# #.# #.#
#.# #.# #.#
#.#


There were no monsters in sight!

Vanquished Creatures
  2 adders
  A dart slug (D:1)
  4 orcs (D:3)
  4 bats
  3 endoplasms
  2 goblins (D:1)
  3 hobgoblins
  4 jackals (D:1)
  A quokka (D:1)
  4 ball pythons (D:1)
  5 frilled lizards
  7 kobolds
  6 rats
46 creatures vanquished.

Vanquished Creatures (others)
  A plant (D:2)
1 creature vanquished.

Grand Total: 47 creatures vanquished

Notes
Turn   | Place    | Note
-------+----------+-------------------------------------------
     0 | D:1      | Anon1729 the Minotaur Monk began the quest for the Orb.
     0 | D:1      | Reached XP level 1. HP: 19/19 MP: 0/0
   424 | D:1      | Reached XP level 2. HP: 27/27 MP: 1/1
  1187 | D:2      | Reached XP level 3. HP: 33/33 MP: 2/2
  1362 | D:2      | Found a faded altar of an unknown god.
  1368 | D:2      | Became a worshipper of Uskayaw the Reveller
  1368 | D:2      | Reached * piety under Uskayaw
  1368 | D:2      | Reached ** piety under Uskayaw
  1658 | D:3      | Found a radiant altar of Vehumet.
  1805 | D:3      | Reached *** piety under Uskayaw
  1806 | D:3      | Reached XP level 4. HP: 5/40 MP: 3/3
  1806 | D:3      | HP: 2/40 [poisoned by an orc]
  1807 | D:3      | Succumbed to an orc's poison

Illustrated notes

Levels and vault maps discovered:
D:1:      eino_arrival_cavern_b, layout_rooms
D:2:      layout_rooms, shapermc_ecumenical_altar_mp_urbaneastern
D:3:      layout_loops_ring, mainiacjoe_overflow_tiny_flanked, zin_statuary,
          minmay_joined_circles

Skill      XL: |  1  2 |
---------------+-------+-----
Fighting       | 4 |  4.1
Long Blades    | 4 |  4.4
Stealth        | 2 |  2.2
Dodging        | |  3.8
Invocations    | |  0.8

Action                   |  1- 3 |  4- 6 || total
-------------------------+-------+-------++-------
Melee: Falchion          |    80 |       ||    80
       Headbutt          |    11 |       ||    11
Evoke: Wand              |     1 |       ||     1
  Use: Scroll            |       |     1 ||     1
 Stab: Sleeping          |     3 |       ||     3
Armor: Robe              |    10 |       ||    10
Dodge: Dodged            |    64 |       ||    64
       Rpst.: Falchion   |    22 |       ||    22

Table legend: (Time is in decaauts)
 A = Elapsed time spent in this place.
 B = Non-inter-level travel time spent in this place.
 C = Inter-level travel time spent in this place.
 D = Time resting spent in this place.
 E = Time spent auto-exploring this place.
 F = Levels seen in this place.
 G = Mean time per level.
                   A        B        C        D        E       F      G
               +--------+--------+--------+--------+--------+-----+--------+
         Total |   1816 |   1771 |     45 |    202 |   1327 |   3 |  605.3 |
       Dungeon |   1816 |   1771 |     45 |    202 |   1327 |   3 |  605.3 |
               +--------+--------+--------+--------+--------+-----+--------+

Top non-repeatable levels by time:
     D:1: 1181 daAuts
     D:2: 483 daAuts
     D:3: 151 daAuts
